 Dungeon Crawl Stone Soup version 0.30-a0-1074-g5db6f66fbb (webtiles) character file.

Game seed: 12537244325218277850

1189 jimonade the Covert (level 8, -5/54 HPs)
             Began as an Octopode Brigand on Apr 14, 2023.
             Killed from afar by a steam dragon (20 damage)
             ... with a ball of steam
             ... on level 6 of the Dungeon.
             The game lasted 00:11:02 (5888 turns).

jimonade the Covert (Octopode Brigand)              Turns: 5888, Time: 00:11:02

Health: -5/54      AC:  1    Str: 10    XL:     8   Next: 43%
Magic:  0/8        EV: 14    Int: 13    God:
Gold:   312        SH:  0    Dex: 16    Spells: 7/7 levels left

rFire   . . .      SeeInvis .    a - +2 dagger
rCold   . . .      Faith    .    (no shield)
rNeg    . . .      Spirit   +    (helmet restricted)
rPois   +          Reflect  .    w - amulet of guardian spirit
rElec   .          Rampage  .    e - ring of poison resistance
rCorr   .                        (no ring)
Will    .....                    (no ring)
Stlth   ++++++                   (no ring)
HPRegen 0.29/turn                (no ring)
MPRegen 0.11/turn                (no ring)
                                 (no ring)
                                 (no ring)

@: no status effects
A: almost no armour, amphibious, 8 rings, camouflage 1, gelatinous body 1,
(nimble swimmer 1), tentacles
a: no special abilities


You were on level 6 of the Dungeon.
You visited 2 branches of the dungeon, and saw 7 of its levels.

You collected 312 gold pieces.

Inventory:

Hand Weapons
 a - a +2 dagger (weapon)
 b - a +0 sling
 j - a +0 quarterstaff
 k - a +0 short sword
 t - a +0 mace
 u - a +0 long sword
Missiles
 c - 3 curare-tipped darts
 q - 9 poisoned darts (quivered)
 y - 4 atropa-tipped darts
Jewellery
 e - a ring of poison resistance (left tentacle)
 w - an amulet of guardian spirit (around mantle)
 z - a ring of fire
Wands
 A - a wand of polymorph (8)
Scrolls
 d - 4 scrolls of identify {unknown}
 f - 2 scrolls of vulnerability {unknown}
 g - 2 scrolls of immolation {unknown}
 h - 3 scrolls of magic mapping {unknown}
 i - 6 scrolls of teleportation {unknown}
 n - 2 scrolls of enchant weapon {unknown}
 o - a scroll of enchant armour {unknown}
 s - a scroll of silence {unknown}
Potions
 l - a potion of might {unknown}
 m - a potion of heal wounds {unknown}
 p - 2 potions of curing
 r - 3 potions of invisibility {unknown}
 v - a potion of flight {unknown}
 x - a potion of attraction {unknown}
 B - a potion of mutation {unknown}


   Skills:
 + Level 4.3 Fighting
 + Level 4.1 Short Blades
 + Level 2.3 Ranged Weapons
 + Level 2.6 Throwing
 + Level 3.3 Dodging
 + Level 10.9 Stealth


You had 7 spell levels left.
You didn't know any spells.
Your spell library contained the following spells:

 Spells                   Type           Power      Damage    Failure   Level
 Summon Forest            Summ/Tloc      0%         N/A       100%        5
 Eringya's Noxious Bog    Tmut/Pois      0%         N/A       100%        6
 Summon Hydra             Summ           0%         N/A       100%        7


Dungeon Overview and Level Annotations

Branches:
Dungeon (6/15)             Temple (1/1) D:5

Altars:
Dithmenos
Elyvilon
Fedhas
Hepliaklqana
Nemelex Xobeh
Okawaru
Qazlal
Ru
Vehumet
Wu Jian
Xom
Yredelemnul
The Shining One

Shops:
D:6 *

Annotations:
D:3 exclusion: 2 frilled lizards, Grinder


Innate Abilities, Weirdness & Mutations

You cannot wear most types of armour.
You are amphibious.
You can wear up to eight rings at the same time.
Your skin changes colour to match your surroundings (Stealth+).
Your rubbery body absorbs attacks. (AC +1, EV +1)
((You are camouflaged when in or above water. (Stealth+)))
You have tentacles for arms and can constrict up to eight enemies at once.


Message History

The steam dragon is lightly wounded.
The steam dragon barely misses you.
The steam dragon claws you but does no damage.
You hit the steam dragon.
The steam dragon is moderately wounded.
The steam dragon closely misses you. The steam dragon claws you.
You closely miss the steam dragon.
The steam dragon is moderately wounded.
You hit the steam dragon.
The steam dragon is moderately wounded.
The steam dragon breathes steam at you. The ball of steam misses you.
You hit the steam dragon but do no damage.
Your squeeze misses the steam dragon.
The steam dragon is moderately wounded.
You are engulfed in a cloud of scalding steam.
The steam dragon barely misses you. The steam dragon completely misses you.
The steam dragon breathes steam at you. The ball of steam hits you!!
You hit the steam dragon. Your squeeze misses the steam dragon.
The steam dragon is moderately wounded.
You are engulfed in a cloud of scalding steam.
The steam dragon bites you! The steam dragon claws you.
You hit the steam dragon but do no damage.
The steam dragon is moderately wounded.
You are engulfed in a cloud of scalding steam.
The steam dragon misses you. The steam dragon barely misses you.
You hit the steam dragon.
The steam dragon is heavily wounded.
You are engulfed in a cloud of scalding steam.
You hit the steam dragon but do no damage.
You squeeze the steam dragon.
The steam dragon is heavily wounded.
The steam dragon bites you. The steam dragon claws you.
* * * LOW HITPOINT WARNING * * *
You completely miss the steam dragon. You squeeze the steam dragon!
The steam dragon is almost dead.
The steam dragon breathes steam at you. The ball of steam hits you!!
You die...

### ... ..
##########.#...#
######..§..§.@D......
#......######.#.#...#
#.###### #....# # #.#
#§....... #.#
##...##### #.#######
##.## #.......# #.#
#.# #..####.# #.# #.#
##..# #.# ##+## #.#


You could see a steam dragon (catching breath).

Vanquished Creatures
  A water moccasin (D:6)
  A black bear (D:6)
  A phantom (D:5)
  A bullfrog (D:6)
  A scorpion (D:6)
  A howler monkey (D:4)
  A jelly (D:5)
  4 hounds (D:5)
  4 orc priests
  2 sleepcaps
  Jessica (D:3)
  A gnoll bouda (D:5)
  6 iguanas
  2 orc wizards
  Terence (D:2)
  10 adders
  A shadow imp (D:6)
  2 worms
  A dart slug (D:1)
  8 orcs
  5 endoplasms
  4 giant cockroaches
  A goblin (D:3)
  3 hobgoblins
  3 jackals (D:3)
  4 kobolds
  3 quokkas
  4 ball pythons
  6 bats
  5 frilled lizards
88 creatures vanquished.

Notes
Turn   | Place    | Note
-------+----------+-------------------------------------------
     0 | D:1      | jimonade the Octopode Brigand began the quest for the Orb.
     0 | D:1      | Reached XP level 1. HP: 14/14 MP: 1/1
   194 | D:1      | Reached XP level 2. HP: 15/19 MP: 2/2
   200 | D:1      | Reached skill level 6 in Stealth
   846 | D:2      | Reached XP level 3. HP: 24/24 MP: 3/3
  1112 | D:2      | Noticed Terence
  1118 | D:2      | Killed Terence
  1119 | D:2      | Reached skill level 7 in Stealth
  1119 | D:2      | Reached XP level 4. HP: 29/29 MP: 4/4
  2493 | D:3      | Reached skill level 8 in Stealth
  2493 | D:3      | Reached XP level 5. HP: 21/34 MP: 5/5
  2579 | D:3      | Noticed Grinder
  2598 | D:3      | Noticed Jessica
  2604 | D:3      | Killed Jessica
  3217 | D:4      | Reached XP level 6. HP: 40/40 MP: 6/6
  3567 | D:4      | Reached skill level 9 in Stealth
  3987 | D:5      | Entered Level 5 of the Dungeon
  4263 | D:5      | Reached skill level 1 in Ranged Weapons
  4263 | D:5      | Reached XP level 7. HP: 17/45 MP: 7/7
  4492 | D:5      | Found a white marble altar of Elyvilon.
  4515 | D:5      | Reached skill level 10 in Stealth
  4738 | D:5      | Found a staircase to the Ecumenical Temple.
  4747 | Temple   | Entered the Ecumenical Temple
  5497 | D:6      | Reached XP level 8. HP: 54/54 MP: 8/8
  5715 | D:6      | Found Sosumudd's General Store.
  5888 | D:6      | Killed from afar by a steam dragon

Illustrated notes

Levels and vault maps discovered:
D:1:      lightli_arrival_statuegarden, layout_basic, minmay_misc_feat_roman
D:2:      layout_loops_corners, minmay_diced_spiral, uniq_terence
D:3:      layout_loops_cross, uniq_jessica, uniq_grinder
D:4:      layout_rooms
D:5:      layout_basic, elyvilon_altar_5, minmay_temple_entry_trees,
          minmay_circle_x
D:6:      layout_loops_corners, serial_shops, shop_fountains,
          hangedman_abyss_or_decor_stabs, minmay_misc_feat_columns
Temple:   nicolae_temple_hex_pool

Skill      XL: |  1  2  3  4  5  6  7  8 |
---------------+-------------------------+-----
Stealth        | 6 7 8 9 10 | 10.9
Ranged Weapons | 1 2 |  2.3
Dodging        | 2 3 |  3.3
Short Blades   | 3 4 |  4.1
Fighting       | 3 4 |  4.3
Throwing       | |  2.6

Action                     |  1- 3 |  4- 6 |  7- 9 || total
---------------------------+-------+-------+-------++-------
  Melee: Dagger            |    42 |   108 |    96 ||   246
         Tentacles         |     7 |    26 |    28 ||    61
         Constrict         |     5 |    25 |    18 ||    48
         Punch             |       |     1 |       ||     1
   Fire: Sling             |       |     7 |       ||     7
   Stab: Sleeping          |    15 |     6 |     7 ||    28
         Distracted        |     1 |       |       ||     1
 Armour: Skin              |     2 |     5 |     5 ||    12
  Dodge: Dodged            |    14 |    69 |    37 ||   120

Table legend: (Time is in decaauts)
 A = Elapsed time spent in this place.
 B = Non-inter-level travel time spent in this place.
 C = Inter-level travel time spent in this place.
 D = Time resting spent in this place.
 E = Time spent auto-exploring this place.
 F = Levels seen in this place.
 G = Mean time per level.
                   A        B        C        D        E       F      G
               +--------+--------+--------+--------+--------+-----+--------+
         Total |   5852 |   5676 |    176 |   1365 |   2763 |   7 |  836.0 |
       Dungeon |   5781 |   5612 |    169 |   1365 |   2711 |   6 |  963.5 |
        Temple |     70 |     63 |      7 |      0 |     52 |   1 |   70.0 |
               +--------+--------+--------+--------+--------+-----+--------+

Top non-repeatable levels by time:
     D:2: 1362 daAuts
     D:5: 1259 daAuts
     D:3: 1113 daAuts
     D:4: 979 daAuts
     D:1: 677 daAuts
     D:6: 388 daAuts
  Temple: 70 daAuts
